AoeStats
← GAX | Tyrav

Nomad

509259610Analyzed
3v3 RM · 8d ago on Sep 26, 2026· 35m 21s· 6 players
Game mode
Random Map
Map size
210×210
Population
200
Speed
Normal
Resources
Standard
Victory
Conquest
Starting age
Dark Age
Ending age
Imperial Age
RankedLock teamsTeams togetherTeam positionsShared explorationLock speedFull tech treeHidden civsTurbo modeCheats
Victory
Defeat
🇨🇭 Lithuanians · Switzerland
1715
+12
🇺🇸 Bengalis · United States
1616
+16
🇺🇸 Berbers · United States
1570
+18
🇧🇷 Malians · Brazil
1686
-18
🇧🇷 Koreans · Brazil
1638
-16
🇧🇷 Vietnamese · Brazil
1524
-12
Marvin Saturnino
9:11 Loom
12:06 Feudal Age
12:39 Double-Bit Axe
13:33 Fletching
19:56 Town Watch
24:05 Castle Age
24:14 Pikeman
27:43 Scale Mail Armor
GAX | Tyrav
10:16 Loom
13:03 Feudal Age
16:44 Castle Age
14:50 Double-Bit Axe
14:46 Horse Collar
16:26 Gold Mining
16:50 Town Watch
17:19 Forging
18:20 Scale Mail Armor
GAX | Gabasco
13:02 Feudal Age
12:36 Loom
17:03 Castle Age
15:54 Stone Mining
16:18 Double-Bit Axe
17:38 Town Watch
24:10 Fletching
24:18 Fishing Lines
25:32 Bodkin Arrow
30:43 Wheelbarrow
31:03 Ballistics
33:33 Bow Saw
34:43 Gold Mining
Xololo
3:54 Loom
13:00 Feudal Age
18:07 Castle Age
16:25 Fletching
18:10 Crossbowman
19:19 Town Watch
20:51 Wheelbarrow
21:48 Bodkin Arrow
21:54 Padded Archer Armor
25:18 Ballistics
35:28 Leather Archer Armor
optimal_brain_damage
11:47 Feudal Age
12:16 Double-Bit Axe
13:44 Fletching
21:50 Castle Age
22:57 Bow Saw
25:15 Loom
26:55 Wheelbarrow
28:48 Gold Mining
29:23 Scale Barding Armor
29:32 Forging
29:27 Scale Barding Armor
30:28 Scale Barding Armor
33:10 Chain Barding Armor
33:25 Iron Casting
33:07 Bloodlines
33:36 Horse Collar
35:53 Husbandry
[BÜN] Mr. Grüezi
13:30 Feudal Age
13:38 Loom
14:03 Town Watch
17:27 Castle Age
15:26 Fishing Lines
16:11 Stone Mining
16:54 Gold Mining
17:45 Gold Mining
18:17 Double-Bit Axe
18:14 Horse Collar
19:13 Scale Barding Armor
21:03 Bow Saw
21:19 Gillnets
24:04 Wheelbarrow
24:13 Chain Barding Armor
25:07 Forging
26:45 Hand Cart
27:43 Iron Casting
27:02 Fletching
30:35 Bloodlines
30:25 Husbandry
35:26 Imperial Age
Connection lost

Rejoining the realm…

Still unreachable

The connection could not be restored.

Session expired

The server has moved on; the page needs a fresh start.